 Dungeon Crawl Stone Soup version 0.22.0-13-g43fe8f2 (webtiles) character file.

6190 eleberth the Destroyer (level 10, -12/79 (80) HPs)
             Began as a Naga Venom Mage on Aug 16, 2018.
             Was a Priest of Cheibriados.
             Mangled by a seven-headed hydra (15 damage)
             ... on level 10 of the Dungeon.
             The game lasted 04:15:43 (9781 turns).

eleberth the Destroyer (Naga Venom Mage)            Turns: 9781, Time: 04:15:44

HP:   -12/79 (80)   AC:  6    Str: 20    XL:     10   Next: 91%
MP:   13/26         EV: 10    Int: 26    God:    Cheibriados [***...]
Gold: 635           SH:  0    Dex: 19    Spells: 3/19 levels left

rFire    . . .     SeeInvis +   Q - +2 whip (flame)
rCold    . . .     Gourm    +   (no shield)
rNeg     . . .     Faith    .   a - +1 robe
rPois    +         Spirit   .   N - +0 helmet
rElec    .         Reflect  .   (no cloak)
rCorr    .         Harm     .   (no gloves)
MR       +....                  (no barding)
Stlth    +++.......             E - amulet of the gourmand
HPRegen  0.23/turn              q - +3 ring of slaying
MPRegen  0.20/turn              r - ring of magical power

@: very slightly contaminated, very slow
A: large, see invisible, deformed body, poison resistance, slowness 2, slow
metabolism 1, spit poison 1, AC +3
a: Spit Poison, Bend Time, Temporal Distortion, Renounce Religion


You were on level 10 of the Dungeon.
You worshipped Cheibriados.
Cheibriados was most pleased with you.
You were not hungry.

You visited 2 branches of the dungeon, and saw 12 of its levels.

You collected 635 gold pieces.

Inventory:

Hand Weapons
 t - a +0 hunting sling
 L - a +0 shortbow
 Q - a +2 whip of flaming (weapon)
Missiles
 e - 53 sling bullets
 f - 31 poisoned needles
 j - 196 stones (quivered)
 k - 202 arrows
 m - 131 bolts
 s - 10 tomahawks
Armour
 a - a +1 robe (worn)
 M - a +2 ring mail of fire resistance
 N - a +0 helmet (worn)
Jewellery
 n - an uncursed ring of stealth
 q - a +3 ring of slaying (left hand)
 r - a ring of magical power (right hand)
 w - an uncursed ring of fire
 E - an amulet of the gourmand (around neck)
 F - a +1 ring of protection
Wands
 b - a wand of scattershot (3)
 x - a wand of clouds (4)
 K - a wand of digging (13)
 R - a wand of flame (22)
Scrolls
 d - a scroll of identify
 g - a scroll of fog
 p - a scroll of noise
 u - 3 scrolls of fear
 y - 2 scrolls of blinking
 C - 4 scrolls of remove curse
 J - a scroll of immolation
 P - a scroll of teleportation
Potions
 h - 3 potions of flight
 i - 2 potions of curing
 l - 2 potions of magic {unknown}
 o - a potion of heal wounds {unknown}
 v - a potion of lignification {unknown}
 z - a potion of cancellation {unknown}
 A - a potion of invisibility {unknown}
 B - 2 potions of agility {unknown}
 H - a potion of brilliance {unknown}
 I - a potion of degeneration {unknown}
 O - a potion of ambrosia {unknown}
Comestibles
 c - 7 rations


   Skills:
 - Level 2.1 Fighting
 * Level 0.1 Maces & Flails
 - Level 1.5 Dodging
 - Level 4.0 Stealth
 - Level 5.1 Spellcasting
 * Level 9.8 Conjurations
 - Level 4.0 Hexes
 - Level 4.0 Ice Magic
 - Level 3.1 Air Magic
 - Level 9.0 Poison Magic
 * Level 6.5 Invocations
 - Level 2.0 Evocations


You had 3 spell levels left.
You knew the following spells:

 Your Spells              Type           Power        Failure   Level  Hunger
a - Sting                 Conj/Pois      ####         1%          1    None
b - Poisonous Vapours     Pois/Air       #####.       1%          2    None
c - Mephitic Cloud        Conj/Pois/Air  #####...     1%          3    #......
d - Olgreb's Toxic Radia  Pois           ######..     1%          4    ###....
e - Slow                  Hex            ####....     2%          2    None
f - Throw Icicle          Conj/Ice       #####...     4%          4    ###....

Your spell library contained the following spells:

 Spells                   Type           Power        Failure   Level  Hunger
 Venom Bolt               Conj/Pois      ######....   4%          5    #####..
 Stone Arrow              Conj/Erth      ####..       3%          3    #......
 Orb of Destruction       Conj           ######....   75%         7    #######
 Fulminant Prism          Conj/Hex       #####.....   4%          4    ###....


Dungeon Overview and Level Annotations

Branches:
Dungeon (11/15)            Temple (1/1) D:7             Orc (0/2) D:9
   Lair: D:8-11

Altars:
Ashenzari
Cheibriados
Dithmenos
Elyvilon
Fedhas
Gozag
Hepliaklqana
Kikubaaqudgha
Makhleb
Nemelex Xobeh
Okawaru
Qazlal
Ru
Sif Muna
Trog
Uskayaw
Vehumet
Wu Jian
Xom
Zin
The Shining One

Shops:
D:6 *   D:10 [


Innate Abilities, Weirdness & Mutations

You cannot wear boots.
Your serpentine skin is tough. (AC +3)
You have supernaturally acute eyesight. (SInv)
Armour fits poorly on your strangely shaped body.
Your system is resistant to poisons. (rPois)
You cover ground very slowly.
You have a slow metabolism.
You can spit poison.


Message History

Your orc priest hits the orc wizard with a flail.
The orc warrior misses your quasit.
Your shadow imp hits the orc warrior but does no damage.
Unknown command.
The orc wizard hits your orc with a dagger.
Your quasit bites the seven-headed hydra.
Your quasit claws the seven-headed hydra. x2
The orc barely misses your quasit.
The orc wizard grunts noisily, as Orcs often do.
The orc wizard hits your orc with a dagger.
Your orc dies!
Your orc's corpse dissolves into shadows!
Your orc priest closely misses the orc wizard.
The seven-headed hydra closely misses you.
The seven-headed hydra bites you.
* * * LOW HITPOINT WARNING * * *
The seven-headed hydra bites you.
* * * LOW HITPOINT WARNING * * *
The seven-headed hydra bites you!
You die...

##### #...### #.....# #####
######### #####.8##.# #...#
#.......# #......##.#
#...####.......# #...8.∩.8.#
#......#o55D@..# #....#.####
####......'.o.....###)...#8#
#.........#)§oo...##.......#
#..........................#
#.....#.##.#'#............##
##........................#
.....P..PP..)............##
...P....P.P.......##......#
....PP...PPP......##......#


You could see a seven-headed hydra, an orc warrior (confused), an orc wizard, an
orc, a friendly orc priest, a friendly quasit and a friendly shadow imp.

Vanquished Creatures
  An unseen horror (D:9)
  A gargoyle (D:11)
  A hippogriff (D:7)
  A wyvern (D:9)
  2 hungry ghosts
  3 water moccasins
  A porcupine (D:10)
  An orc warrior (D:8)
  A phantom (D:8)
  2 necrophages
  A black bear (D:10)
  6 ogres
  5 centaurs
  A big kobold (D:10)
  6 bullfrogs
  4 scorpions
  20 killer bees
  3 spriggan skeletons (D:9)
  3 howler monkeys
  6 crimson imps
  3 bullfrog zombies
  A quasit (D:9)
  A hound (D:7)
  A jelly (D:9)
  2 centaur skeletons (D:9)
  5 orc priests
  A gnoll shaman (D:10)
  3 iguanas
  5 orc wizards
  4 worker ants
  A hound zombie (D:6)
  A hound skeleton (D:9)
  A worker ant zombie (D:9)
  6 gnolls
  12 adders
  3 shadow imps
  An adder zombie (D:7)
  An adder skeleton (D:4)
  5 worms
  9 leopard geckos
  26 orcs
  6 bats
  4 giant cockroaches
  10 goblins
  2 hobgoblins (D:1)
  4 quokkas
  3 ball pythons
  7 frilled lizards
  6 kobolds
  A leopard gecko zombie (D:7)
  A quokka skeleton (D:7)
  6 rats
211 creatures vanquished.

Vanquished Creatures (others)
  2 fungi (D:10)
  6 plants (D:10)
8 creatures vanquished.

Grand Total: 219 creatures vanquished

Notes
Turn   | Place    | Note
-------+----------+-------------------------------------------
     0 | D:1      | eleberth the Naga Venom Mage began the quest for the Orb.
     0 | D:1      | Reached XP level 1. HP: 15/15 MP: 3/3
   160 | D:1      | Reached XP level 2. HP: 22/22 MP: 3/5
   164 | D:1      | Learned a level 2 spell: Poisonous Vapours
   685 | D:1      | Reached XP level 3. HP: 30/30 MP: 1/6
   690 | D:1      | Learned a level 3 spell: Mephitic Cloud
  1169 | D:2      | Noticed an ogre
  1297 | D:2      | Reached skill level 1 in Air Magic
  1301 | D:2      | Reached XP level 4. HP: 28/37 MP: 7/7
  1974 | D:2      | Killed an ogre
  1974 | D:2      | Reached skill level 1 in Fighting
  1974 | D:2      | Reached skill level 5 in Poison Magic
  1974 | D:2      | Reached XP level 5. HP: 41/44 MP: 8/9
  2234 | D:3      | Reached XP level 6. HP: 48/52 MP: 10/10
  2948 | D:4      | Reached XP level 7. HP: 60/60 MP: 9/12
  2957 | D:4      | Learned a level 4 spell: Olgreb's Toxic Radiance
  3279 | D:5      | Entered Level 5 of the Dungeon
  3296 | D:5      | Identified the Catalogue of Blows and Bruises and Execration
  3607 | D:5      | Learned a level 2 spell: Slow
  4027 | D:5      | You fall through a shaft!
  4312 | D:6      | Reached skill level 1 in Hexes
  4586 | D:6      | Found Deasureh's Serpentskin Sales.
  4885 | D:6      | Reached XP level 8. HP: 56/67 MP: 14/14
  6032 | D:7      | Learned a level 4 spell: Throw Icicle
  6073 | D:7      | Noticed a hippogriff
  6088 | D:7      | Killed a hippogriff
  6088 | D:7      | Reached skill level 5 in Spellcasting
  6091 | D:7      | Reached skill level 1 in Ice Magic
  6260 | D:7      | Found a burning altar of Makhleb.
  6297 | D:7      | Reached XP level 9. HP: 73/73 MP: 16/16
  6315 | D:7      | Reached skill level 5 in Conjurations
  6405 | D:7      | Found a staircase to the Ecumenical Temple.
  6419 | Temple   | Entered the Ecumenical Temple
  6486 | Temple   | Became a worshipper of Cheibriados the Contemplative
  6874 | D:8      | Reached skill level 1 in Invocations
  6877 | D:8      | Reached skill level 1 in Evocations
  7463 | D:8      | Reached * piety under Cheibriados
  7894 | D:9      | Found a staircase to the Orcish Mines.
  8209 | D:9      | Reached XP level 10. HP: 46/80 MP: 15/17
  8242 | D:9      | Reached ** piety under Cheibriados
  8699 | D:9      | Reached skill level 5 in Invocations
  8802 | D:9      | Noticed an unseen horror
  8911 | D:9      | Killed an unseen horror
  9237 | D:10     | Entered Level 10 of the Dungeon
  9298 | D:10     | Reached *** piety under Cheibriados
  9307 | D:10     | Noticed a gargoyle
  9322 | D:11     | Killed a gargoyle
  9594 | D:10     | Found Jeychoz's Antique Armour Emporium.
  9758 | D:10     | Noticed a six-headed hydra
  9781 | D:10     | HP: 3/79 [seven-headed hydra (2)]
  9781 | D:10     | Mangled by a seven-headed hydra

Skill      XL: |  1  2  3  4  5  6  7  8  9 10 |
---------------+-------------------------------+-----
Air Magic      | 1 2 3 |  3.1
Stealth        | 4 |  4.0
Fighting       | 1 2 |  2.1
Poison Magic   | 5 7 8 9 |  9.0
Spellcasting   | 3 4 5 |  5.1
Conjurations   | 2 3 4 6 9 |  9.8
Hexes          | 2 4 |  4.0
Ice Magic      | 1 4 |  4.0
Invocations    | 3 6 |  6.5
Evocations     | 2 |  2.0
Maces & Flails | |  0.1
Dodging        | |  1.5

Action                   |  1- 3 |  4- 6 |  7- 9 | 10-12 || total
-------------------------+-------+-------+-------+-------++-------
Melee: Short sword       |     8 |       |       |       ||     8
       Spear             |     8 |     5 |       |       ||    13
       Flail             |       |       |    98 |    80 ||   178
       Long sword        |       |       |     6 |       ||     6
 Fire: Hunting sling     |       |    33 |    64 |     9 ||   106
       Shortbow          |       |       |     8 |       ||     8
Throw: Throwing net      |     2 |       |       |       ||     2
       Stone             |     7 |     6 |       |    10 ||    23
 Cast: Sting             |    22 |     9 |    27 |     5 ||    63
       Poisonous Vapours |    19 |    37 |    77 |    41 ||   174
       Mephitic Cloud    |       |     4 |    20 |     5 ||    29
       Slow              |       |       |    30 |    16 ||    46
       Olgreb's Toxic Ra |       |       |     9 |     1 ||    10
       Throw Icicle      |       |       |       |    32 ||    32
Invok: Bend Time         |       |       |     6 |     3 ||     9
 Abil: Spit Poison       |    12 |    10 |    22 |    11 ||    55
  Use: Scroll            |       |     8 |     6 |     5 ||    19
       Potion            |       |       |     2 |       ||     2
 Stab: Held in net/web   |     1 |       |       |       ||     1
  Eat: Chunk             |     3 |     2 |    12 |     4 ||    21
       Ration            |       |     2 |     3 |     4 ||     9
Armor: Robe              |     4 |    11 |    53 |    37 ||   105
Dodge: Dodged            |     6 |    14 |    85 |    47 ||   152
